 Dungeon Crawl Stone Soup version 0.31-a0-204-g7da18cac08 (webtiles) character file.

Game seed: 3464687891373125755

62 qw the Shooter (level 3, 0/20 HPs)
             Began as a Deep Elf Hunter on June 27, 2023.
             Slain by Terence
             ... wielding a +0 trident
              (8 damage)
             ... on level 2 of the Dungeon.
             The game lasted 00:00:29 (1310 turns).

qw the Shooter (Deep Elf Hunter)                    Turns: 1310, Time: 00:00:30

Health: 0/20       AC:  5    Str: 10    XL:     3   Next: 85%
Magic:  5/5        EV: 11    Int: 13    God:
Gold:   56         SH:  0    Dex: 18    Spells: 2/2 levels left

rFire   . . .        Y - +0 shortbow
rCold   . . .        (shield currently unavailable)
rNeg    . . .        h - +0 ring mail
rPois   .            (no helmet)
rElec   .            (no cloak)
rCorr   .            (no gloves)
SInv    .            (no boots)
Will    .....        (no amulet)
Stlth   +            (no ring)
HPRegen 0.23/turn    (no ring)
MPRegen 0.09/turn

%: no passive effects
@: no status effects
A: no striking features
a: no special abilities


You were on level 2 of the Dungeon.
You visited 1 branch of the dungeon, and saw 2 of its levels.

You collected 56 gold pieces.


   Skills:
 - Level 1.5 Fighting
 + Level 7.3 Ranged Weapons
 - Level 2.4 Dodging
 - Level 1.2 Stealth


You had 2 spell levels left.
You didn't know any spells.
Your spell library was empty.

Inventory:

Hand Weapons
 Y - a +0 shortbow (weapon)
Armour
 h - a +0 ring mail (worn)
Jewellery
 e - a ring of ice
 l - an amulet of faith
Wands
 b - a wand of digging (8)
Scrolls
 c - a scroll of teleportation {unknown}
 d - a scroll of fear {unknown}
 g - a scroll of noise {unknown}
 k - a scroll of poison {unknown}
Potions
 a - a potion of berserk rage {unknown}
 f - a potion of lignification {unknown}
 i - a potion of curing {unknown}
 j - 2 potions of attraction {unknown}
 m - a potion of mutation {unknown}

Dungeon Overview and Level Annotations

Branches:
Dungeon (2/15)

Altars:

Annotations:
D:2 Terence


Message History

A rat comes into view.
You shoot an arrow. The arrow hits the rat!
You kill the rat!
k - a scroll labelled DETSAH QOAKA
l - an amulet of faith
Enter note: You now have 53 gold pieces (gained 11).
m - an emerald potion
Enter note: You now have 56 gold pieces (gained 3).
Terence the Incautious comes into view.
He is wielding a +0 trident.
Enter note: You shoot an arrow.
The arrow hits Terence but does no damage.
Terence shouts!
You shoot an arrow. The arrow hits Terence.
Terence is lightly wounded.
Terence misses you.
Terence hits you from afar with a +0 trident!
You shoot an arrow.
The arrow hits Terence but does no damage.
Terence is lightly wounded.
Terence hits you from afar with a +0 trident.
Enter note:
Enter note:
1306 ||| UPGRADING to amulet of faith.
You start putting on your amulet.
You continue putting on your amulet of faith.
Terence says, "Rest in peace."
Terence barely misses you.
You continue putting on your amulet of faith.
Terence barely misses you.
You continue putting on your amulet of faith.
Terence hits you from afar with a +0 trident.
Keep equipping yourself?
You continue putting on your amulet of faith.
Terence barely misses you.
You continue putting on your amulet of faith.
Terence hits you from afar with a +0 trident!
You die...

#.# ### #.# .# ..#
#.# .# #.# #.# .#
#.####.# .#
#.#....# .#
#.#.#### @#
#.#.#############.#
#.#.............@.#
..#################
###


You could see Terence.

Vanquished Creatures
  An adder (D:2)
  A worm (D:2)
  2 dart slugs (D:1)
  7 ball pythons
  2 bats (D:1)
  2 endoplasms (D:1)
  2 giant cockroaches
  A goblin (D:1)
  5 hobgoblins
  6 jackals (D:1)
  2 quokkas
  3 frilled lizards
  3 kobolds
  6 rats
43 creatures vanquished.

Notes
Turn   | Place    | Note
-------+----------+-------------------------------------------
     0 | D:1      | qw the Deep Elf Hunter began the quest for the Orb.
     0 | D:1      | Reached XP level 1. HP: 12/12 MP: 3/3
     0 | D:1      | 0 ||| qw: Version: 0.3-a-22-g0ed2b0b
     0 | D:1      | 0 ||| qw: Game counter: 6596
     0 | D:1      | 0 ||| qw: Melee chars always use a shield: true
     0 | D:1      | 0 ||| qw: God list: Okawaru
     0 | D:1      | 0 ||| qw: Allow faded altars: false
     0 | D:1      | 0 ||| qw: Do Orc after clearing Dungeon:15 true
     0 | D:1      | 0 ||| qw: Do second Lair branch before Depths: true
     0 | D:1      | 0 ||| qw: Lair rune preference: random
     0 | D:1      | 0 ||| qw: Goals: Normal
     0 | D:1      | 0 ||| PLANNING D:1-11
     3 | D:1      | Noticed an electric eel
     4 | D:1      | Noticed an electric eel
   161 | D:1      | Reached XP level 2. HP: 16/16 MP: 4/4
   169 | D:1      | Reached skill level 6 in Ranged Weapons
   318 | D:1      | Reached XP level 3. HP: 8/20 MP: 5/5
   921 | D:1      | 921 ||| UPGRADING to +0 ring mail.
   931 | D:1      | 931 ||| DROPPING +0 leather armour.
   932 | D:1      | 932 ||| READING scroll labelled XUAPSI AGAXOO.
   933 | D:1      | 933 ||| READING scroll labelled INKEUZONNE.
   934 | D:1      | 934 ||| READING scroll labelled TUSA ACRI JATA.
   935 | D:1      | 935 ||| DROPPING scroll of butterflies.
  1014 | D:2      | Reached skill level 7 in Ranged Weapons
  1014 | D:2      | 1014 ||| FLEEEEING.
  1015 | D:2      | 1015 ||| FLEEEEING.
  1016 | D:2      | 1016 ||| FLEEEEING.
  1302 | D:2      | Noticed Terence
  1306 | D:2      | 1306 ||| UPGRADING to amulet of faith.
  1310 | D:2      | Slain by Terence

Levels and vault maps discovered:
D:1:      arrival_aquarium_b, layout_loops_corners
D:2:      layout_basic, basic_altar, minmay_hexomino_f4, uniq_terence

Skill      XL: |  1  2  3 |
---------------+----------+-----
Ranged Weapons | 6 7 |  7.3
Fighting       | |  1.5
Dodging        | |  2.4
Stealth        | |  1.2

Action                     || total
---------------------------++-------
   Fire: Shortbow          ||   128
    Use: Scroll            ||     3
 Armour: Leather armour    ||    13
         Ring mail         ||     6
  Dodge: Dodged            ||    45

Table legend:
 A = Non-vault XP
 B = Vault XP
 C = Vault XP percentage of total XP
 D = Non-vault monster count
 E = Vault monster count
 F = Vault count percentage of total count
                 A         B        C        D         E       F
            +---------+---------+-------+---------+---------+-------
      Total |      79 |      10 |  11.2 |      39 |       4 |   9.3
            +---------+---------+-------+---------+---------+-------
        D:1 |      58 |       0 |   0.0 |      32 |       0 |   0.0
        D:2 |      21 |      10 |  32.3 |       7 |       4 |  36.4
            +---------+---------+-------+---------+---------+-------
